 Dungeon Crawl Stone Soup version 0.30-a0-948-g4fa250aae5 (webtiles) character file.

Game seed: 2575511594670385936

8638 Shard1697 the Basher (level 10, -5/90 HPs)
             Began as a Demigod Artificer on Mar 27, 2023.
             Slain by a two-headed ogre
             ... wielding a +0 giant club
              (16 damage)
             ... on level 9 of the Dungeon.
             The game lasted 00:19:16 (12949 turns).

Shard1697 the Basher (Demigod Artificer)           Turns: 12949, Time: 00:19:16

Health: -5/90      AC:  8    Str: 21    XL:     10   Next: 89%
Magic:  13/13      EV: 11    Int: 23    God:
Gold:   537        SH:  0    Dex: 16    Spells: 5/9 levels left

rFire   + . .      SeeInvis .    a - +3 morningstar
rCold   . . .      Faith    .    (no shield)
rNeg    + . .      Spirit   .    y - +1 ring mail of Buwec {rElec rN+ Int+3 Dex+2 Slay+3}
rPois   .          Reflect  .    x - +0 helmet {Int+3}
rElec   +          Rampage  .    (no cloak)
rCorr   .                        B - +0 pair of gloves
Will    +....                    (no boots)
Stlth   +                        (no amulet)
HPRegen 0.35/turn                E - ring of protection from fire
MPRegen 0.13/turn                (no ring)

@: no status effects
A: high MP 1, forlorn, divine attributes
a: no special abilities


You were on level 9 of the Dungeon.
You visited 1 branch of the dungeon, and saw 10 of its levels.
You also visited: Sewer.

You collected 576 gold pieces.
You spent 39 gold pieces at shops.

Inventory:

Hand Weapons
 a - a +3 morningstar (weapon)
 b - a +0 hand axe
Armour
 q - a +1 chain mail
 t - +0 steam dragon scales
 x - a +0 helmet of intelligence (worn)
 y - the +1 ring mail of Buwec (worn) {rElec rN+ Int+3 Dex+2 Slay+3}
   (You found it on level 3 of the Dungeon)

   Int:       It affects your intelligence (+3).
   Dex:       It affects your dexterity (+2).
   Slay:      It affects your accuracy & damage with ranged weapons and melee
   (+3).
   rElec:     It insulates you from electricity.
   rN:        It protects you from negative energy.
 B - a +0 pair of gloves (worn)
Jewellery
 j - a ring of flight
 E - a ring of protection from fire (left hand)
Wands
 m - a wand of charming (12)
 v - a wand of paralysis (6)
 A - a wand of mindburst (3)
 C - a wand of polymorph (14)
Scrolls
 g - a scroll of immolation
 i - 9 scrolls of teleportation
 p - 2 scrolls of fog
 s - 3 scrolls of enchant armour
 D - a scroll of enchant weapon
Potions
 c - a potion of lignification {unknown}
 d - 3 potions of might
 e - 4 potions of curing
 f - a potion of ambrosia {unknown}
 h - 2 potions of brilliance
 k - 2 potions of resistance
 l - a potion of flight
 n - 2 potions of haste {unknown}
 o - 3 potions of heal wounds
 r - a potion of invisibility
 u - 2 potions of cancellation
 w - 3 potions of attraction
 z - 2 potions of mutation {unknown}


   Skills:
 * Level 8.9 Fighting
 * Level 11.4 Maces & Flails
 - Level 1.7 Armour
 - Level 0.8 Dodging
 - Level 0.8 Stealth
 + Level 7.2 Evocations


You had 5 spell levels left.
You knew the following spells:

 Your Spells              Type           Power      Damage    Failure   Level
a - Blink                 Tloc           0%         N/A       36%         2
b - Wereblood             Tmut           0%         N/A       36%         2

Your spell library contained the following spells:

 Spells                   Type           Power      Damage    Failure   Level
 Beastly Appendage        Tmut           0%         N/A       26%         1
 Lesser Beckoning         Tloc           0%         N/A       36%         2
 Momentum Strike          Conj/Tloc      0%         3d8       36%         2
 Confusing Touch          Hex            0%         N/A       58%         3
 Gell's Gravitas          Tloc           0%         N/A       58%         3
 Ignite Poison            Fire/Tmut/Pois 0%         N/A       58%         3
 Spider Form              Tmut/Pois      0%         N/A       58%         3
 Teleport Other           Tloc           0%         N/A       58%         3
 Cause Fear               Hex            0%         N/A       94%         4
 Sticky Flame             Conj/Fire      0%         2d3       94%         4
 Summon Ice Beast         Ice/Summ       0%         N/A       94%         4
 Enfeeble                 Hex            0%         N/A       100%        7
 Ignition                 Fire           0%         3d3       100%        8


Dungeon Overview and Level Annotations

Branches:
Dungeon (10/15)            Temple (0/1) D:6           Sewer (visited)
   Lair: D:8-11         Orc: D:9-12

Shops:
D:1 !:   D:5 *


Innate Abilities, Weirdness & Mutations

You have an increased reservoir of magic. (+10% MP)
You shall have no god before yourself.
Your divine heritage dramatically boosts your attributes as you level up.


Message History

There is a stone staircase leading up, spattered with blood here.
You impale the two-headed ogre!!
The two-headed ogre is heavily wounded.
The two-headed ogre hits you with a +0 giant club.
The two-headed ogre hits you with a +2 dire flail of protection!
You puncture the two-headed ogre!
The two-headed ogre is heavily wounded.
An orc comes into view. It is wielding a +0 flail.
You barely miss the two-headed ogre.
The two-headed ogre is heavily wounded.
The two-headed ogre hits you with a +0 giant club!!
The two-headed ogre hits you with a +2 dire flail of protection!
* * * LOW HITPOINT WARNING * * *
An orc priest comes into view. It is wielding a +0 whip.
The orc warrior throws a stone.
The stone hits you.
* * * LOW HITPOINT WARNING * * *
Okay, then.
You feel much better.
The orc warrior throws a stone.
The stone hits you.
The two-headed ogre hits you with a +0 giant club!
* * * LOW HITPOINT WARNING * * *
The two-headed ogre hits you but does no damage.
The orc warrior misses you.
You climb upwards.
There is a stone staircase leading down, spattered with blood here.
Okay, then.
Aiming: Paralyse
Press: ? - help, Shift-Dir - straight line, f - two-headed ogre
Aim: a two-headed ogre, wielding a +0 giant club and a +2 dire flail of protection (heavily wounded, chance to affect: 49%)
The two-headed ogre resists with some effort.
The two-headed ogre closely misses you.
The two-headed ogre hits you with a +2 dire flail of protection!
* * * LOW HITPOINT WARNING * * *
Aiming: Paralyse
Press: ? - help, Shift-Dir - straight line, f/p - two-headed ogre
Aim: a two-headed ogre, wielding a +0 giant club and a +2 dire flail of protection (heavily wounded, chance to affect: 49%)
The two-headed ogre resists with some effort.
The two-headed ogre hits you with a +0 giant club!
* * * LOW HITPOINT WARNING * * *
The two-headed ogre hits you with a +2 dire flail of protection!
You die...

#.# #....# ####
# #.# ##..## #
#.# #### # #.#
########## #
#.## #......(.#
## ##.##
##.######.# #.
##.###.<# ###
##. ##..(.##
### ##.# ##.O@#
###.# #.##
#...######...#
#..#
#............#
##.#
#...[........#
##.
##..######....#
## #######..##
##...##
#.......##
##.....# #
#########
##..##..## ##
##.#####..# ##.


You could see a two-headed ogre.

Vanquished Creatures
  A two-headed ogre (D:8)
  A cyclops (D:9)
  The ghost of NinjaNoafa the Magician, a novice GrEE of Vehumet (D:6)
  2 trolls
  Prince Ribbit (D:8)
  Sigmund (D:5)
  11 yaks
  3 wyverns (D:9)
  5 steam dragons
  Menkaure (D:4)
  3 water moccasins
  A sky beast (D:6)
  2 orc warriors
  3 black bears
  2 centaurs
  An ogre (D:7)
  6 kobold brigands (Sewer)
  A bullfrog (D:9)
  3 scorpions (D:6)
  4 wights (D:8)
  5 killer bees (D:8)
  9 howler monkeys
  4 hounds
  2 jellies
  10 orc priests
  Terence (D:2)
  2 gnoll boudas
  4 iguanas
  A sleepcap (D:5)
  Natasha (D:1)
  6 orc wizards
  11 adders
  8 gnolls
  3 river rats
  3 ufetubi
  3 worms
  31 orcs
  4 bats
  14 endoplasms
  2 giant cockroaches
  5 goblins
  5 hobgoblins
  6 jackals
  7 quokkas
  13 ball pythons
  4 frilled lizards
  12 kobolds
  13 rats
  A spectral hobgoblin (D:5)
243 creatures vanquished.

Vanquished Creatures (collateral kills)
  A bat (D:3)
  A kobold (D:3)
2 creatures vanquished.

Vanquished Creatures (others)
  A yak (D:9)
  Natasha (D:2)
  An orc (D:6)
3 creatures vanquished.

Grand Total: 248 creatures vanquished

Notes
Turn   | Place    | Note
-------+----------+-------------------------------------------
     0 | D:1      | Shard1697 the Demigod Artificer began the quest for the
                  | Orb.
     0 | D:1      | Reached XP level 1. HP: 15/15 MP: 3/3
    26 | D:1      | Found Keaxkual's Book Shop.
   221 | D:1      | Reached skill level 1 in Maces & Flails
   359 | D:1      | Reached XP level 2. HP: 22/22 MP: 4/4
   449 | D:1      | Reached skill level 1 in Fighting
   587 | D:1      | Found Xeasm's Distillery.
   596 | D:1      | Bought a potion of curing for 39 gold pieces
  1216 | D:2      | Noticed Terence
  1238 | D:2      | Killed Terence
  1239 | D:2      | Reached skill level 2 in Maces & Flails
  1239 | D:2      | Reached XP level 3. HP: 5/28 MP: 5/5
  1462 | D:2      | Noticed Natasha
  1465 | D:2      | Your ally Natasha died
  1489 | D:2      | Noticed Natasha
  1497 | D:1      | Killed Natasha
  1498 | D:1      | Reached XP level 4. HP: 18/36 MP: 6/6
  2460 | D:3      | Reached skill level 3 in Maces & Flails
  2677 | D:3      | Learned a level 2 spell: Blink
  2880 | D:3      | Found a large runed translucent door.
  2881 | D:3      | Found a large runed translucent door.
  3117 | D:3      | Identified the +1 ring mail of Buwec {rElec rN+ Int+3 Dex+2
                  | Slay+3}
  3161 | D:3      | Reached XP level 5. HP: 41/41 MP: 7/7
  4056 | D:4      | Reached skill level 4 in Maces & Flails
  4119 | D:4      | Reached XP level 6. HP: 15/50 MP: 8/8
  4311 | D:4      | Noticed Menkaure
  4316 | D:4      | Killed Menkaure
  4992 | D:5      | Entered Level 5 of the Dungeon
  5100 | D:5      | Noticed a water moccasin
  5106 | D:5      | Killed a water moccasin
  5107 | D:5      | Reached skill level 5 in Maces & Flails
  5107 | D:5      | Reached XP level 7. HP: 52/57 MP: 9/9
  5191 | D:5      | Found a glowing drain.
  5213 | Sewer    | Entered a sewer
  5253 | Sewer    | Reached skill level 6 in Maces & Flails
  5736 | Sewer    | Reached skill level 7 in Maces & Flails
  6280 | D:5      | Found Mujur's General Store.
  6428 | D:5      | Reached XP level 8. HP: 53/63 MP: 10/10
  6509 | D:5      | Noticed Sigmund
  6518 | D:5      | Killed Sigmund
  6519 | D:5      | Reached skill level 8 in Maces & Flails
  7118 | D:6      | Found a staircase to the Ecumenical Temple.
  7168 | D:6      | Found a runed translucent gate.
  7170 | D:6      | Found a runed translucent gate.
  7170 | D:6      | Found a runed translucent gate.
  7171 | D:6      | Noticed NinjaNoafa's ghost (novice GrEE)
  7172 | D:6      | Identified the +0 chain mail "Zouru" {Dex+5}
  7201 | D:6      | Killed NinjaNoafa's ghost
  7202 | D:6      | Reached skill level 5 in Fighting
  7202 | D:6      | Reached skill level 9 in Maces & Flails
  7202 | D:6      | Reached skill level 5 in Evocations
  7202 | D:6      | Reached XP level 9. HP: 45/74 MP: 11/11
  7610 | D:6      | Got the Guide on the Blizzard and the Wyrd
  7662 | D:6      | Learned a level 2 spell: Wereblood
  9634 | D:8      | Reached skill level 10 in Maces & Flails
 10821 | D:9      | Noticed a two-headed ogre
 10821 | D:9      | Noticed a cyclops
 10829 | D:8      | Killed a two-headed ogre
 10830 | D:8      | Reached XP level 10. HP: 29/86 MP: 13/13
 11004 | D:9      | Killed a cyclops
 11020 | D:9      | Noticed Prince Ribbit
 11036 | D:8      | Killed Prince Ribbit
 11523 | D:9      | Reached skill level 11 in Maces & Flails
 12783 | D:10     | Entered Level 10 of the Dungeon
 12788 | D:10     | Noticed a two-headed ogre
 12949 | D:9      | Slain by a two-headed ogre

Illustrated notes

Levels and vault maps discovered:
D:1:      psy_arrival_fountain, layout_loops_corners, serial_shops, shop, shop
D:2:      layout_basic, minmay_pentomino_q2, uniq_natasha, uniq_terence
D:3:      minmay_diamond_boxcup, layout_basic, jmf_multi_god_temple2,
          minmay_ruptured
D:4:      layout_basic, mainiacjoe_overflow_boulevard, lemuel_doored_altar,
          uniq_menkaure
D:5:      layout_gridville, nicolae_hepliaklqana_monster_ancestors,
          kennysheep_mini, portal_sewer_entry_c, serial_shops,
          nicolae_take_the_stairs, uniq_sigmund
D:6:      layout_basic, minmay_temple_entry_trees, biasface_ghost_orc_armoury
D:7:      layout_layer_cave, lemuel_crystal_altar, grunt_decor_mini_mirrors
D:8:      layout_loops_corners, old_standard_altar
D:9:      layout_layer_cave, elyvilon_altar_3, uniq_prince_ribbit1
D:10:     layout_loops_corners, grunt_ministairs_9, eino_jars

Skill      XL: |  1  2  3  4  5  6  7  8  9 10 |
---------------+-------------------------------+-----
Maces & Flails | 1 2 3 4 5 7 9 10 11 | 11.4
Fighting       | 1 2 3 5 7 8 |  8.9
Evocations     | 3 4 5 6 7 |  7.2
Armour         | |  1.7
Dodging        | |  0.8
Stealth        | |  0.8

Action                     |  1- 3 |  4- 6 |  7- 9 | 10-12 || total
---------------------------+-------+-------+-------+-------++-------
  Melee: Club              |    83 |   139 |       |       ||   222
         Punch             |     2 |     3 |     4 |     2 ||    11
         Mace              |       |    72 |       |       ||    72
         Flail             |       |    45 |       |       ||    45
         Morningstar       |       |    18 |   400 |   107 ||   525
  Evoke: Wand              |    16 |     5 |     2 |     4 ||    27
    Use: Scroll            |       |     9 |     2 |     2 ||    13
         Potion            |       |     2 |     7 |     2 ||    11
   Stab: Invisible         |       |       |     2 |     2 ||     4
 Armour: Leather armour    |    12 |       |       |       ||    12
         Ring mail         |    10 |    40 |   139 |    27 ||   216
         Chain mail        |     3 |   156 |       |       ||   159
  Dodge: Dodged            |    53 |   161 |   229 |    72 ||   515

Table legend: (Time is in decaauts)
 A = Elapsed time spent in this place.
 B = Non-inter-level travel time spent in this place.
 C = Inter-level travel time spent in this place.
 D = Time resting spent in this place.
 E = Time spent auto-exploring this place.
 F = Levels seen in this place.
 G = Mean time per level.
                   A        B        C        D        E       F      G
               +--------+--------+--------+--------+--------+-----+--------+
         Total |  13234 |  12868 |    366 |   3224 |   7160 |  11 | 1203.1 |
       Dungeon |  12033 |  11667 |    366 |   2976 |   6583 |  10 | 1203.3 |
         Sewer |   1201 |   1201 |      0 |    248 |    577 |   1 | 1201.0 |
               +--------+--------+--------+--------+--------+-----+--------+

Top non-repeatable levels by time:
     D:8: 2253 daAuts
     D:6: 1639 daAuts
     D:3: 1535 daAuts
     D:9: 1452 daAuts
     D:2: 1314 daAuts
     D:4: 1209 daAuts
   Sewer: 1201 daAuts
     D:1: 1019 daAuts
     D:7: 837 daAuts
     D:5: 758 daAuts
    D:10: 12 daAuts
